General information
- name: BNet
- type: Ladder team game (AT/RT)
- host: Battle.net
- saver: backforthirds
map: Mur'gulOasis
- players: 8
- length: 40:33
- speed: Fast
- version: 1.26 W3XP
- replay type: Public
» download(254 KB)
Players
team 1 (winner)

»
markoofellow (
yellow | 69 APM | 2815 actions | 40:32)
6 Tauren Chieftain
2 Endurance Aura
2 Shockwave
1 War Stomp
1 Reincarnation
4 Shadow Hunter
2 Healing Wave
2 Hex
» actions
| Assign group hotkey | 137 | |
| Basic commands | 316 | |
| Build / train | 125 | |
| ESC pressed | 18 | |
| Enter build submenu | 41 | |
| Enter hero's abilities submenu | 10 | |
| Give item / drop item | 4 | |
| Right click | 427 | |
| Select / deselect | 449 | |
| Select group hotkey | 1108 | |
| Use ability | 180 | |
2815 total
» units
| Peon | 13 | |
| Troll Headhunter/Berserker | 14 | |
| Troll Batrider | 12 | |
| Shaman | 10 | |
| Kodo Beast | 1 | |
| Grunt | 1 | |
| Tauren | 3 | |
| Raider | 1 | |
| Troll Witch Doctor | 2 | |
| Wind Rider | 3 | |
60 total
» upgrades
| Ranged Weapons | 3 | |
| Liquid Fire | 1 | |
| Armor | 2 | |
| Berserker Upgrade | 1 | |
| Shaman Training | 3 | |
| Troll Regeneration | 1 | |
| War Drums Damage Increase | 1 | |
| Melee Weapons | 1 | |
| Ensnare | 1 | |
| Witch Doctor Training | 1 | |
15 total
» buildings
| Altar of Storms | 1 | |
| Orc Burrow | 13 | |
| War Mill | 1 | |
| Barracks | 1 | |
| Watch Tower | 4 | |
| Voodoo Lounge | 1 | |
| Stronghold | 3 | |
| Fortress | 1 | |
| Beastiary | 5 | |
| Spirit Lodge | 1 | |
| Tauren Totem | 3 | |
| Great Hall | 1 | |
35 total
» build order
00:14 Altar of Storms
00:16 Orc Burrow
01:11 War Mill
01:41 Barracks
02:00 Orc Burrow
02:33 Watch Tower
02:37 Watch Tower
03:00 Voodoo Lounge
04:00 Stronghold
04:00 Stronghold
04:31 Orc Burrow
05:32 Orc Burrow
05:45 Watch Tower
06:25 Fortress
06:36 Beastiary
06:40 Beastiary
06:43 Beastiary
07:12 Watch Tower
12:33 Spirit Lodge
13:10 Orc Burrow
17:02 Orc Burrow
17:04 Tauren Totem
17:06 Tauren Totem
18:13 Tauren Totem
18:23 Orc Burrow
19:24 Orc Burrow
28:09 Great Hall
33:42 Stronghold
34:30 Orc Burrow
34:33 Orc Burrow
35:20 Orc Burrow
35:34 Orc Burrow
35:36 Orc Burrow
37:23 Beastiary
37:28 Beastiary
» items
| Scroll of Speed | 3 | |
| Healing Salve | 1 | |
| Potion of Healing | 4 | |
| Scroll of Town Portal | 2 | |
| Staff of Teleportation | 1 | |
| Potion of Lesser Invulnerability | 2 | |
| Scroll of Regeneration | 2 | |
| Lesser Clarity Potion | 1 | |
16 total
backforthirds (
green | 81 APM | 3304 actions | 40:33)
5 Blood Mage
3 Flame Strike
2 Siphon Mana
5 Pit Lord
3 Rain of Fire
2 Cleaving Attack
5 Archmage
3 Blizzard
2 Brilliance Aura
» actions
| Assign group hotkey | 100 | |
| Basic commands | 77 | |
| Build / train | 206 | |
| ESC pressed | 10 | |
| Enter build submenu | 52 | |
| Enter hero's abilities submenu | 16 | |
| Give item / drop item | 1 | |
| Right click | 1259 | |
| Select / deselect | 410 | |
| Select group hotkey | 802 | |
| Use ability | 371 | |
3304 total
» units
| Peasant | 31 | |
| Priest | 4 | |
| Flying Machine | 22 | |
57 total
» upgrades
| Masonry | 3 | |
| Lumber Harvesting | 2 | |
| Magic Sentry | 1 | |
| Priest Training | 2 | |
| Flak Cannons | 1 | |
| Gunpowder | 1 | |
| Plating | 1 | |
11 total
» buildings
| Altar of Kings | 2 | |
| Farm | 21 | |
| Arcane Vault | 3 | |
| Lumber Mill | 5 | |
| Town Hall | 3 | |
| Scout Tower | 105 | |
| Keep | 2 | |
| Guard Tower | 66 | |
| Arcane Tower | 3 | |
| Castle | 1 | |
| Arcane Sanctum | 1 | |
| Blacksmith | 2 | |
| Workshop | 7 | |
| Gryphon Aviary | 3 | |
224 total
» build order
00:15 Altar of Kings
00:19 Farm
00:21 Farm
00:44 Arcane Vault
00:57 Farm
01:26 Lumber Mill
02:01 Farm
02:37 Farm
03:54 Arcane Vault
04:31 Town Hall
04:33 Scout Tower
04:34 Scout Tower
04:35 Scout Tower
04:36 Scout Tower
04:37 Scout Tower
04:43 Scout Tower
04:54 Keep
05:03 Guard Tower
05:13 Arcane Tower
05:27 Guard Tower
05:40 Guard Tower
06:02 Scout Tower
06:02 Scout Tower
06:03 Scout Tower
06:03 Scout Tower
06:04 Scout Tower
06:05 Scout Tower
06:27 Guard Tower
06:32 Scout Tower
06:33 Scout Tower
06:33 Scout Tower
06:33 Scout Tower
06:34 Scout Tower
06:37 Guard Tower
06:38 Guard Tower
07:16 Guard Tower
07:18 Guard Tower
08:00 Guard Tower
08:33 Castle
09:02 Guard Tower
09:05 Scout Tower
09:06 Scout Tower
09:06 Scout Tower
09:07 Scout Tower
09:07 Scout Tower
09:29 Guard Tower
09:35 Guard Tower
09:35 Guard Tower
09:40 Guard Tower
09:40 Guard Tower
09:42 Guard Tower
09:42 Guard Tower
09:44 Guard Tower
09:44 Guard Tower
09:46 Guard Tower
09:46 Guard Tower
09:47 Guard Tower
09:47 Guard Tower
09:52 Arcane Vault
10:16 Scout Tower
10:16 Scout Tower
10:17 Scout Tower
10:17 Scout Tower
10:17 Scout Tower
10:18 Scout Tower
10:51 Arcane Sanctum
10:55 Guard Tower
10:56 Guard Tower
10:58 Guard Tower
10:58 Guard Tower
10:59 Guard Tower
10:59 Guard Tower
11:04 Guard Tower
11:04 Guard Tower
11:23 Guard Tower
11:25 Guard Tower
11:26 Guard Tower
11:36 Scout Tower
11:36 Scout Tower
11:37 Scout Tower
11:37 Scout Tower
11:38 Scout Tower
11:44 Guard Tower
12:02 Scout Tower
12:02 Scout Tower
12:02 Scout Tower
12:02 Scout Tower
12:03 Scout Tower
12:03 Scout Tower
12:04 Scout Tower
12:04 Scout Tower
12:05 Scout Tower
12:05 Scout Tower
12:11 Scout Tower
12:14 Scout Tower
12:16 Scout Tower
12:28 Guard Tower
12:29 Guard Tower
13:03 Arcane Tower
13:10 Arcane Tower
13:14 Guard Tower
13:24 Guard Tower
13:48 Town Hall
13:55 Guard Tower
14:14 Guard Tower
14:14 Guard Tower
14:14 Guard Tower
14:20 Guard Tower
14:23 Guard Tower
14:33 Lumber Mill
14:37 Lumber Mill
15:08 Guard Tower
15:19 Scout Tower
15:21 Scout Tower
15:22 Scout Tower
15:23 Scout Tower
15:23 Scout Tower
15:29 Scout Tower
15:30 Scout Tower
15:30 Scout Tower
15:31 Scout Tower
16:06 Guard Tower
16:57 Guard Tower
17:07 Guard Tower
17:07 Guard Tower
17:07 Guard Tower
17:28 Guard Tower
17:45 Blacksmith
18:32 Scout Tower
18:33 Scout Tower
18:33 Scout Tower
18:34 Scout Tower
18:34 Scout Tower
18:35 Scout Tower
18:35 Scout Tower
18:35 Scout Tower
18:36 Scout Tower
18:36 Scout Tower
18:37 Scout Tower
18:37 Scout Tower
18:37 Scout Tower
18:38 Scout Tower
19:46 Guard Tower
20:58 Workshop
21:03 Workshop
23:05 Workshop
23:05 Workshop
23:09 Farm
23:09 Farm
23:10 Farm
23:10 Farm
23:10 Farm
24:31 Workshop
24:33 Workshop
24:36 Workshop
24:54 Keep
25:40 Farm
25:41 Farm
25:41 Farm
25:41 Farm
25:42 Farm
25:45 Lumber Mill
26:02 Farm
26:05 Farm
26:05 Farm
26:05 Farm
26:06 Farm
26:07 Farm
26:15 Guard Tower
27:41 Altar of Kings
28:18 Scout Tower
28:19 Scout Tower
28:19 Scout Tower
28:19 Scout Tower
28:20 Scout Tower
28:20 Scout Tower
28:20 Scout Tower
28:21 Scout Tower
28:22 Scout Tower
28:22 Scout Tower
28:23 Scout Tower
28:23 Scout Tower
28:23 Scout Tower
28:24 Scout Tower
28:24 Scout Tower
28:25 Scout Tower
28:25 Scout Tower
28:25 Scout Tower
28:26 Scout Tower
28:27 Scout Tower
29:02 Blacksmith
29:05 Scout Tower
29:05 Scout Tower
29:05 Scout Tower
29:05 Scout Tower
29:06 Scout Tower
29:06 Scout Tower
29:06 Scout Tower
29:06 Scout Tower
29:07 Scout Tower
29:07 Scout Tower
29:07 Scout Tower
29:07 Scout Tower
29:12 Guard Tower
29:49 Guard Tower
29:49 Guard Tower
29:50 Guard Tower
30:23 Guard Tower
30:31 Lumber Mill
31:01 Guard Tower
33:02 Guard Tower
40:03 Town Hall
40:06 Gryphon Aviary
40:06 Gryphon Aviary
40:06 Gryphon Aviary
» items
| Mechanical Critter | 3 | |
| Lesser Clarity Potion | 3 | |
| Healing Salve | 2 | |
| Boots of Speed | 3 | |
| Staff of Teleportation | 3 | |
| Potion of Mana | 2 | |
| Scroll of Speed | 1 | |
| Potion of Healing | 2 | |
| Scroll of Town Portal | 1 | |
| Ivory Tower | 17 | |
37 total
jw0ou23 (
purple | 42 APM | 1719 actions | 40:32)
7 Paladin
3 Holy Light
2 Devotion Aura
1 Divine Shield
1 Resurrection
» actions
| Assign group hotkey | 69 | |
| Basic commands | 1 | |
| Build / train | 82 | |
| Enter build submenu | 44 | |
| Enter hero's abilities submenu | 7 | |
| Right click | 772 | |
| Select / deselect | 250 | |
| Select group hotkey | 396 | |
| Use ability | 98 | |
1719 total
» units
| Peasant | 26 | |
| Footman | 9 | |
| Rifleman | 2 | |
| Gryphon Rider | 18 | |
| Siege Engine | 2 | |
57 total
» upgrades
| Swords | 2 | |
| Lumber Harvesting | 1 | |
| Armor | 3 | |
| Storm Hammers | 1 | |
| Plating | 1 | |
| Barrage | 1 | |
9 total
» buildings
| Altar of Kings | 2 | |
| Barracks | 3 | |
| Farm | 21 | |
| Arcane Vault | 2 | |
| Keep | 3 | |
| Lumber Mill | 3 | |
| Blacksmith | 2 | |
| Castle | 3 | |
| Gryphon Aviary | 3 | |
| Workshop | 1 | |
| Town Hall | 2 | |
| Scout Tower | 1 | |
46 total
» build order
00:09 Altar of Kings
00:12 Barracks
00:14 Farm
00:53 Farm
01:34 Farm
02:53 Arcane Vault
03:39 Keep
03:51 Lumber Mill
04:06 Farm
04:11 Blacksmith
04:49 Farm
05:58 Farm
06:01 Castle
06:40 Gryphon Aviary
06:46 Gryphon Aviary
07:12 Farm
12:04 Farm
12:39 Farm
15:51 Farm
17:17 Farm
19:46 Workshop
19:53 Farm
22:34 Town Hall
24:39 Altar of Kings
24:50 Farm
25:10 Barracks
25:34 Farm
25:52 Keep
25:57 Farm
26:47 Barracks
27:26 Farm
28:03 Farm
28:09 Keep
28:11 Farm
28:46 Arcane Vault
28:55 Farm
29:38 Farm
30:25 Blacksmith
30:36 Castle
30:50 Lumber Mill
31:27 Castle
32:36 Gryphon Aviary
33:01 Town Hall
35:19 Lumber Mill
35:24 Farm
36:50 Scout Tower
» items
NewbCIA (
orange | 41 APM | 380 actions | 09:13)
3 Tauren Chieftain
2 Shockwave
1 Endurance Aura
1 Shadow Hunter
1 Healing Wave
» actions
| Basic commands | 6 | |
| Build / train | 24 | |
| Enter build submenu | 10 | |
| Enter hero's abilities submenu | 4 | |
| Right click | 166 | |
| Select / deselect | 140 | |
| Use ability | 30 | |
380 total
» units
| Peon | 7 | |
| Grunt | 4 | |
| Troll Headhunter/Berserker | 1 | |
12 total
» upgrades
| Armor | 2 | |
| Melee Weapons | 1 | |
| Pillage | 1 | |
4 total
» buildings
| Altar of Storms | 1 | |
| Orc Burrow | 4 | |
| Barracks | 1 | |
| War Mill | 1 | |
| Voodoo Lounge | 1 | |
| Stronghold | 1 | |
| Watch Tower | 1 | |
10 total
» build order
00:08 Altar of Storms
00:13 Orc Burrow
01:01 Barracks
01:23 War Mill
02:02 Voodoo Lounge
03:53 Stronghold
03:59 Orc Burrow
04:05 Orc Burrow
05:14 Orc Burrow
05:27 Watch Tower
» items
team 2 (loser)
HSK.MIKKI (
teal | 69 APM | 2779 actions | 40:12)
3 Keeper of the Grove
2 Force of Nature
1 Thorns Aura
2 Priestess of the Moon
1 Trueshot Aura
1 Scout
» actions
| Assign group hotkey | 18 | |
| Basic commands | 8 | |
| Build / train | 82 | |
| ESC pressed | 4 | |
| Enter build submenu | 32 | |
| Enter hero's abilities submenu | 5 | |
| Right click | 1135 | |
| Select / deselect | 868 | |
| Select group hotkey | 480 | |
| Use ability | 147 | |
2779 total
» units
| Wisp | 44 | |
| Glaive Thrower | 4 | |
| Hippogryph | 11 | |
| Chimaera | 4 | |
63 total
» upgrades
| Ultravision | 1 | |
| Vorpal Blades | 1 | |
| Corrosive Breath | 1 | |
3 total
» buildings
| Moon Well | 11 | |
| Altar of Elders | 2 | |
| Hunter's Hall | 1 | |
| Ancient Protector | 16 | |
| Tree of Life | 7 | |
| Tree of Ages | 3 | |
| Ancient of War | 2 | |
| Tree of Eternity | 2 | |
| Ancient of Wind | 2 | |
| Chimaera Roost | 2 | |
| Ancient of Wonders | 1 | |
49 total
» build order
00:23 Moon Well
00:30 Altar of Elders
01:12 Hunter's Hall
01:54 Moon Well
02:58 Ancient Protector
02:59 Ancient Protector
03:01 Ancient Protector
03:11 Ancient Protector
03:12 Ancient Protector
05:16 Ancient Protector
05:17 Ancient Protector
05:17 Ancient Protector
05:28 Ancient Protector
08:50 Ancient Protector
08:50 Ancient Protector
08:51 Ancient Protector
09:22 Ancient Protector
09:42 Ancient Protector
09:43 Ancient Protector
09:44 Ancient Protector
11:23 Tree of Life
11:32 Tree of Life
12:00 Tree of Ages
12:48 Ancient of War
12:50 Ancient of War
13:52 Tree of Ages
14:25 Moon Well
14:26 Moon Well
14:28 Moon Well
14:29 Moon Well
17:05 Tree of Eternity
19:14 Tree of Life
19:32 Tree of Ages
22:04 Altar of Elders
22:08 Ancient of Wind
23:10 Tree of Eternity
24:29 Ancient of Wind
25:21 Moon Well
25:21 Moon Well
25:23 Moon Well
25:24 Moon Well
25:25 Moon Well
25:37 Chimaera Roost
25:39 Chimaera Roost
26:58 Tree of Life
29:11 Ancient of Wonders
31:27 Tree of Life
35:34 Tree of Life
37:33 Tree of Life
» items
| Anti-magic Potion | 1 | |
| Potion of Healing | 1 | |
| Moonstone | 1 | |
| Scroll of Town Portal | 1 | |
4 total

»
stealcandy (
blue | 57 APM | 2279 actions | 40:16)
7 Death Knight
3 Death Coil
1 Death Pact
2 Unholy Aura
1 Animate Dead
4 Lich
2 Frost Nova
2 Frost Armor
» actions
| Assign group hotkey | 32 | |
| Basic commands | 200 | |
| Build / train | 59 | |
| Enter build submenu | 21 | |
| Enter hero's abilities submenu | 11 | |
| Give item / drop item | 2 | |
| Right click | 633 | |
| Select / deselect | 288 | |
| Select group hotkey | 935 | |
| Use ability | 98 | |
2279 total
» units
| Acolyte | 3 | |
| Ghoul | 5 | |
| Crypt Fiend | 11 | |
| Frost Wyrm | 9 | |
28 total
» upgrades
| Creature Attack | 2 | |
| Freezing Breath | 1 | |
| Web | 1 | |
| Burrow | 1 | |
| Creature Carapace | 1 | |
6 total
» buildings
| Crypt | 2 | |
| Graveyard | 1 | |
| Ziggurat | 9 | |
| Altar of Darkness | 1 | |
| Tomb of Relics | 1 | |
| Nerubian Tower | 1 | |
| Halls of the Dead | 1 | |
| Black Citadel | 1 | |
| Sacrificial Pit | 1 | |
| Boneyard | 3 | |
| Spirit Tower | 3 | |
24 total
» build order
00:12 Crypt
00:19 Graveyard
00:40 Ziggurat
00:59 Altar of Darkness
01:30 Tomb of Relics
02:12 Ziggurat
02:44 Nerubian Tower
04:40 Halls of the Dead
04:56 Ziggurat
05:54 Ziggurat
07:20 Black Citadel
09:11 Sacrificial Pit
10:06 Boneyard
10:09 Boneyard
10:11 Boneyard
10:32 Ziggurat
10:34 Ziggurat
12:12 Ziggurat
12:18 Ziggurat
12:19 Ziggurat
14:28 Spirit Tower
18:32 Crypt
20:27 Spirit Tower
20:29 Spirit Tower
» items
| Rod of Necromancy | 1 | |
| Potion of Lesser Invulnerability | 1 | |
| Orb of Corruption | 1 | |
| Scroll of Town Portal | 3 | |
6 total

»
luche-moi-lsac2 (
red | 14 APM | 553 actions | 40:31)
6 Blood Mage
2 Flame Strike
3 Siphon Mana
1 Summon Phoenix
» actions
| Assign group hotkey | 5 | |
| Build / train | 47 | |
| Enter build submenu | 15 | |
| Enter hero's abilities submenu | 6 | |
| Right click | 266 | |
| Select / deselect | 148 | |
| Select group hotkey | 19 | |
| Use ability | 47 | |
553 total
» units
| Peasant | 12 | |
| Footman | 2 | |
| Rifleman | 10 | |
| Priest | 7 | |
31 total
» upgrades
| Gunpowder | 3 | |
| Armor | 2 | |
| Long Rifles | 1 | |
6 total
» buildings
| Altar of Kings | 2 | |
| Farm | 13 | |
| Barracks | 2 | |
| Lumber Mill | 1 | |
| Blacksmith | 1 | |
| Keep | 1 | |
| Castle | 1 | |
| Arcane Sanctum | 2 | |
| Arcane Vault | 1 | |
24 total
» build order
00:06 Altar of Kings
00:13 Farm
00:22 Barracks
01:48 Farm
02:11 Barracks
02:23 Farm
03:07 Lumber Mill
03:24 Blacksmith
04:09 Farm
04:46 Farm
05:36 Farm
05:43 Keep
10:16 Castle
10:22 Farm
10:23 Farm
10:24 Farm
10:31 Farm
10:32 Farm
10:33 Farm
10:34 Farm
13:55 Arcane Sanctum
13:57 Arcane Sanctum
17:35 Arcane Vault
25:47 Altar of Kings
» items

»
follyfoolofTook (
pink | 35 APM | 1418 actions | 40:10)
6 Mountain King
3 Storm Bolt
1 Bash
1 Thunder Clap
1 Avatar
6 Paladin
3 Holy Light
1 Devotion Aura
1 Divine Shield
1 Resurrection
» actions
| Basic commands | 1 | |
| Build / train | 91 | |
| Enter build submenu | 21 | |
| Enter hero's abilities submenu | 12 | |
| Give item / drop item | 3 | |
| Right click | 728 | |
| Select / deselect | 466 | |
| Use ability | 96 | |
1418 total
» units
| Peasant | 18 | |
| Rifleman | 18 | |
| Mortar Team | 6 | |
| Flying Machine | 14 | |
56 total
» upgrades
| Gunpowder | 3 | |
| Lumber Harvesting | 1 | |
| Armor | 2 | |
| Masonry | 2 | |
| Long Rifles | 1 | |
| Plating | 1 | |
| Flak Cannons | 1 | |
| Flying Machine Bombs | 1 | |
12 total
» buildings
| Altar of Kings | 1 | |
| Blacksmith | 1 | |
| Farm | 11 | |
| Barracks | 1 | |
| Lumber Mill | 1 | |
| Keep | 2 | |
| Arcane Vault | 1 | |
| Workshop | 2 | |
| Castle | 1 | |
| Town Hall | 1 | |
22 total
» build order
00:10 Altar of Kings
00:26 Blacksmith
00:35 Farm
01:17 Barracks
01:31 Lumber Mill
01:38 Farm
02:44 Farm
04:09 Keep
04:09 Keep
04:18 Farm
05:05 Arcane Vault
06:15 Farm
06:50 Farm
06:51 Farm
06:54 Farm
07:07 Farm
09:01 Workshop
09:07 Workshop
10:33 Farm
10:35 Farm
11:59 Castle
14:43 Town Hall
» items
| Periapt of Vitality | 2 | |
| Scroll of Regeneration | 2 | |
4 total
Chat log
(00:27 / Allies) NewbCIA: hero yellow?
(00:45 / Allies) markoofellow: chief
(05:04 / Allies) markoofellow: going bats wyverns
(06:59 / Allies) backforthirds: lol get goof'ed
(07:04 / Allies) markoofellow: wow
(07:36 / Allies) NewbCIA: help
(07:36 / All) HSK.MIKKI: so beautifull
(09:17 / All) HSK.MIKKI: hahahahah gg
(09:24 / All) backforthirds: report my rteam
(09:26 / All) backforthirds: noob feeders
(13:25 / Allies) backforthirds: wood please
(13:59 / All) HSK.MIKKI: cheeeky green
(14:05 / All) HSK.MIKKI: i wanted that tome
(15:56 / Allies) markoofellow: hit
(16:18 / Allies) backforthirds: focus the morts
(16:54 / Allies) markoofellow: i need wood
(17:17 / Allies) backforthirds: hit the one without 100 towers
(18:04 / Allies) backforthirds: upgrade building armor, orc
(18:48 / Allies) backforthirds: back
(19:02 / Allies) backforthirds: BACK
(19:13 / Allies) markoofellow: b
(19:13 / Allies) markoofellow: b
(19:21 / Allies) backforthirds: REBUILD
(20:38 / Allies) backforthirds: make units
(20:53 / Allies) markoofellow: tp?
(21:01 / Allies) jw0ou23: i dont have tp
(21:56 / Allies) backforthirds: get bats and blow his air up
(21:57 / Allies) backforthirds: holy shit
(22:01 / Allies) markoofellow: k
(22:06 / Allies) markoofellow: send me gold
(22:07 / Allies) backforthirds: upgrade your buidlign armor
(23:33 / Allies) markoofellow: tp?
(23:42 / Allies) backforthirds: ya
(24:06 / Allies) backforthirds: tp??
(24:14 / Allies) backforthirds: orc wtf
(24:17 / Allies) backforthirds: why suicide
(24:53 / All) HSK.MIKKI: im gonna fuck u up purple
(26:26 / Allies) backforthirds: get wyvs now
(26:56 / Allies) markoofellow: forget my base
(27:04 / Allies) markoofellow: hit
(27:23 / Allies) markoofellow: gold plz
(27:26 / Allies) markoofellow: for hall
(28:20 / All) HSK.MIKKI: noooo not my last glaive
(28:44 / All) HSK.MIKKI: nice mh yellow
(29:27 / Allies) markoofellow: omw
(30:08 / All) backforthirds: how are you noobs doing for gold?
(30:17 / All) HSK.MIKKI: excellent wbu?
(30:25 / All) backforthirds: i have 2 mines
(30:30 / All) HSK.MIKKI: so do i
(30:32 / All) HSK.MIKKI: i got 6
(30:35 / Allies) markoofellow: sick play yo
(30:37 / All) backforthirds: nope you have one empty one
(30:47 / All) HSK.MIKKI: mher?
(30:52 / All) backforthirds: i hack
(30:57 / All) backforthirds: I HACK
(31:07 / All) backforthirds: fed?
(31:11 / All) HSK.MIKKI: feeders are always mh'ers
(31:45 / Allies) backforthirds: back
(33:56 / Allies) markoofellow: repair
(34:02 / Allies) backforthirds: im actually not rich
(35:08 / Allies) backforthirds: back
(35:08 / Allies) backforthirds: back
(35:38 / Allies) backforthirds: lest fight
(36:14 / Allies) backforthirds: b
(37:30 / Allies) markoofellow: making bats now
(37:35 / Allies) backforthirds: dont
(37:38 / Allies) backforthirds: get wyvs
(37:40 / Allies) backforthirds: they have no air anymore
(37:43 / Allies) markoofellow: k
(39:40 / Allies) markoofellow: noice purp
(40:12 / All) backforthirds: raped
(40:17 / All) markoofellow: lol